[Event "Titled Tuesday Blitz October 11 Late 2022"]
[White "Jorquera, Marcelo"]
[Black "Shapiro, Daniel"]
[WhiteFideId "3401197"]
[BlackFideId "2001780"]
[WhiteElo "2136"]
[BlackElo "2224"]
[Result "1-0"]
[Round "06"]
[TimeControl "180+1"]
[Date "2022.10.12"]
[WhiteClock "0:00:14"]
[BlackClock "0:00:05"]

1. e4 c5 2. Nc3 a6 3. a4 b6 4. g3 Bb7 5. Bg2 e6 6. Nge2 d5 7. exd5 Nf6 8. O-O Nxd5 9. d3 Be7 10. Nxd5 Bxd5 11. Nf4 Bxg2 12. Kxg2 Nc6 13. c3 O-O 14. Qe2 e5 15. Nh3 Qd5+ 16. Qe4 Rad8 17. f3 f5 18. Qxd5+ Rxd5 19. Nf2 g5 20. g4 fxg4 21. fxg4 Nd8 22. Be3 Ne6 23. Rad1 Nf4+ 24. Bxf4 exf4 25. Kf3 Bf6 26. Rfe1 Kf7 27. Re4 Rfd8 28. Re2 Re5 29. Rxe5 Bxe5 30. Ne4 h6 31. Ke2 Ke6 32. a5 Bc7 33. axb6 Bxb6 34. Ra1 a5 35. Re1 Kd5 36. Kd2 Kc6 37. Nf6 Rd6 38. Ne4 Re6 39. c4 Bd8 40. Rf1 Be7 41. Kc3 Bf8 42. h4 Bg7+ 43. Kc2 Re5 44. hxg5 hxg5 45. Rh1 1-0


[Site "https://www.chess.com"]

[Event "Titled Tuesday Blitz October 11 Late 2022"]
[White "Joubert, Dantelle"]
[Black "Hajiyev, Kanan"]
[WhiteFideId "14310813"]
[BlackFideId "13404148"]
[WhiteElo "1507"]
[BlackElo "2118"]
[Result "0-1"]
[Round "06"]
[TimeControl "180+1"]
[Date "2022.10.12"]
[WhiteClock "0:00:01"]
[BlackClock "0:00:20"]

1. d4 d5 2. c4 c6 3. Nc3 Nf6 4. Nf3 g6 5. cxd5 cxd5 6. Bf4 Bg7 7. e3 O-O 8. Bd3 Nc6 9. O-O Nh5 10. Be5 Nxe5 11. Nxe5 Nf6 12. Qb3 e6 13. Rfc1 Nd7 14. f4 Nxe5 15. fxe5 Qg5 16. Re1 b6 17. Nb5 Bd7 18. Nd6 f6 19. exf6 Qxf6 20. Rf1 Qe7 21. Nb5 Bh6 22. Be2 a6 23. Na3 b5 24. Rac1 Qg5 25. Nc2 Qe7 26. Bf3 Rac8 27. a3 Rc4 28. Rce1 Rfc8 29. Nb4 Qg5 30. Nd3 Rc2 31. Ne5 Be8 32. Bg4 Qe7 33. Rf3 Bg7 34. Ref1 Bxe5 35. dxe5 Rd2 36. Rf8+ Kg7 37. e4 Bd7 38. Rxc8 Bxc8 39. exd5 Qc5+ 40. Kh1 Qxd5 41. Qf3 Qxf3 42. Bxf3 Rxb2 43. Rc1 Bb7 44. Bxb7 Rb3 45. Bxa6 Rxa3 46. Bxb5 Re3 47. h3 Rxe5 48. Rc2 h5 49. Re2 Rxb5 50. Rxe6 Rb1+ 51. Kh2 Kf7 52. Rc6 h4 53. Rd6 g5 54. Rc6 Kg7 55. Rd6 Rc1 56. Rb6 Rd1 57. Rc6 Rd2 58. Rb6 Rf2 59. Rc6 Rf4 60. Rb6 Rf7 61. Rc6 Re7 62. Rb6 Rc7 63. Rd6 Ra7 64. Rc6 Kf7 65. Rd6 Ra5 66. Rc6 Rf5 67. Rb6 Ke7 68. Rc6 Kf8 69. Rb6 Kg8 70. Rc6 Rf4 71. Rb6 g4 72. hxg4 Rxg4 73. Kh3 Rd4 74. Rh6 Kg7 75. Rxh4 Rd3+ 76. Kh2 Rd2 77. Rf4 Kg6 78. Kh3 Kg5 79. Rc4 Rd1 80. Rc5+ Kf4 81. g3+ Ke4 82. Rc4+ Kf5 83. Rf4+ Kg6 0-1


[Site "https://www.chess.com"]

[Event "Titled Tuesday Blitz October 11 Late 2022"]
[White "Kaganskiy, Gleb"]
[Black "Burke, Paul"]
[WhiteFideId "4132025"]
[BlackFideId "2605767"]
[WhiteElo "2165"]
[BlackElo "1893"]
[Result "1-0"]
[Round "06"]
[TimeControl "180+1"]
[Date "2022.10.12"]
[WhiteClock "0:00:34"]
[BlackClock "0:00:52"]

1. e4 e5 2. Nf3 Nc6 3. d4 exd4 4. Bc4 Be7 5. c3 d6 6. cxd4 Nf6 7. Nc3 Bg4 8. Be3 O-O 9. h3 Bh5 10. Be2 d5 11. e5 Ne4 12. O-O f5 13. Rc1 f4 14. Bd2 Nxd2 15. Qxd2 Bb4 16. a3 Bxc3 17. Qxc3 Qe7 18. b4 a6 19. a4 Rac8 20. b5 axb5 21. axb5 Nd8 22. Qc5 Qxc5 23. Rxc5 c6 24. bxc6 bxc6 25. Rfc1 Be8 26. Rxd5 Bf7 27. Rd6 Ne6 28. Rdxc6 Rxc6 29. Rxc6 Rb8 30. Bc4 Nd8 31. Bxf7+ Nxf7 32. e6 1-0


[Site "https://www.chess.com"]

[Event "Titled Tuesday Blitz October 11 Late 2022"]
[White "Kavutskiy, Konstantin"]
[Black "Alexikov, Alexander"]
[WhiteFideId "2026384"]
[BlackFideId "14103958"]
[WhiteElo "2338"]
[BlackElo "2222"]
[Result "0-1"]
[Round "06"]
[TimeControl "180+1"]
[Date "2022.10.12"]
[WhiteClock "0:00:51"]
[BlackClock "0:01:19"]

1. d4 Nf6 2. c4 g6 3. Nc3 Bg7 4. e4 d6 5. h3 O-O 6. Be3 c6 7. Nf3 a6 8. Bd3 b5 9. a3 Nbd7 10. O-O Bb7 11. Re1 e5 12. Qd2 Re8 13. Rad1 Qe7 14. d5 cxd5 15. cxd5 Rec8 16. Rc1 Nc5 17. Bc2 Rc7 18. b4 Ncd7 19. Bd3 Rac8 20. Qb2 Qd8 21. Nd2 Nh5 22. Nb3 Nf4 23. Bf1 f5 24. Bxf4 exf4 25. exf5 Bxc3 26. Rxc3 Rxc3 27. fxg6 hxg6 28. Re6 Ne5 29. Qb1 Kg7 30. Nd4 Bxd5 31. Qe1 Qg5 32. Kh1 Rc1 33. Qe2 Qxg2# 0-1


[Site "https://www.chess.com"]

[Event "Titled Tuesday Blitz October 11 Late 2022"]
[White "Kobla, Vishal"]
[Black "Besedes, Danilo"]
[WhiteFideId "2078457"]
[BlackFideId "946796"]
[WhiteElo "1972"]
[BlackElo "2352"]
[Result "0-1"]
[Round "06"]
[TimeControl "180+1"]
[Date "2022.10.12"]
[WhiteClock "0:00:07"]
[BlackClock "0:00:23"]

1. e4 e6 2. d4 d5 3. Nd2 dxe4 4. Nxe4 Bd7 5. Nf3 Bc6 6. Bd3 Nd7 7. Qe2 Ngf6 8. c3 Bxe4 9. Bxe4 c6 10. O-O Bd6 11. Bc2 Qc7 12. Re1 Bf4 13. Bxf4 Qxf4 14. Ne5 Nxe5 15. Qxe5 Qxe5 16. Rxe5 Ke7 17. a4 Rhd8 18. a5 Rd5 19. Rae1 Rad8 20. Bb3 Rxe5 21. Rxe5 g6 22. h3 h5 23. f4 Kd6 24. Kf2 Nd7 25. Re2 c5 26. Rd2 Ke7 27. Ke3 cxd4+ 28. Rxd4 Rc8 29. Rb4 Rc7 30. Bc2 Nf6 31. Be4 Nxe4 32. Kxe4 Kf6 33. g4 hxg4 34. hxg4 Rd7 35. Rb5 Ke7 36. Ke5 f6+ 37. Ke4 Kd6 38. f5 exf5+ 39. gxf5 g5 40. Rd5+ Kc6 41. c4 Rxd5 42. cxd5+ Kc5 43. b4+ Kd6 44. b5 b6 45. axb6 axb6 46. Kd4 g4 47. Ke4 Kc5 48. Kf4 Kxd5 49. Kxg4 Ke4 50. Kg3 Kxf5 51. Kf3 Ke5 52. Kg4 Ke4 53. Kg3 f5 54. Kf2 Kf4 55. Ke2 Kg3 56. Ke3 f4+ 57. Ke2 Kg2 0-1


[Site "https://www.chess.com"]

[Event "Titled Tuesday Blitz October 11 Late 2022"]
[White "Korchmar, Vasiliy"]
[Black "Milosevic, Milos"]
[WhiteFideId "24131750"]
[BlackFideId "964875"]
[WhiteElo "2370"]
[BlackElo "2321"]
[Result "1-0"]
[Round "06"]
[TimeControl "180+1"]
[Date "2022.10.12"]
[WhiteClock "0:01:37"]
[BlackClock "0:01:10"]

1. e4 e5 2. Nf3 Nc6 3. Bc4 Bc5 4. c3 Nf6 5. d3 d6 6. Bg5 h6 7. Bh4 a6 8. Nbd2 Ba7 9. a4 g5 10. Bg3 Qe7 11. b4 Be6 12. Qc2 h5 13. h3 h4 14. Bh2 Nh5 15. b5 Nd8 16. bxa6 bxa6 17. d4 Bxc4 18. Nxc4 f6 19. Ne3 Ng7 20. Nd5 Qf7 21. dxe5 dxe5 22. Bxe5 fxe5 23. Nxe5 Qh5 24. Nf6+ 1-0


[Site "https://www.chess.com"]

[Event "Titled Tuesday Blitz October 11 Late 2022"]
[White "Koziorowicz, Michal"]
[Black "Kollars, Dmitrij"]
[WhiteFideId "21809194"]
[BlackFideId "12909572"]
[WhiteElo "2220"]
[BlackElo "2584"]
[Result "1/2-1/2"]
[Round "06"]
[TimeControl "180+1"]
[Date "2022.10.11"]
[WhiteClock "0:00:25"]
[BlackClock "0:00:03"]

1. e4 c5 2. Nf3 Nc6 3. Bb5 g6 4. Bxc6 bxc6 5. O-O Bg7 6. Re1 Qc7 7. c3 d6 8. d4 cxd4 9. cxd4 Nf6 10. Nc3 O-O 11. Bf4 Qb7 12. b3 Bg4 13. h3 Bxf3 14. Qxf3 Nd7 15. Rad1 c5 16. Nd5 e6 17. Ne7+ Kh8 18. Bxd6 cxd4 19. Rc1 Ne5 20. Qg3 d3 21. Bxe5 Qxe7 22. Bxg7+ Kxg7 23. Qxd3 Rfd8 24. Qc3+ Qf6 25. Qxf6+ Kxf6 26. e5+ Kg7 27. Rc7 Rdc8 28. Rec1 Rxc7 29. Rxc7 a5 30. f4 Rb8 31. Ra7 Rb5 32. Kf2 g5 33. g3 Kg6 34. Kf3 gxf4 35. gxf4 h5 36. Ke3 f6 37. Ra6 Kf5 38. exf6 Kxf6 39. Ra8 Rc5 40. Rf8+ Ke7 41. Rh8 Rc3+ 42. Ke4 a4 43. Rxh5 axb3 44. axb3 Rxb3 45. Rh8 Kf6 46. h4 Rb4+ 47. Kf3 Rb1 48. Rf8+ Kg7 49. Ra8 Kf6 50. Ra4 Rh1 51. Kg4 Rg1+ 52. Kh5 Kf5 53. Kh6 Rg4 54. h5 e5 55. Ra8 exf4 56. Rf8+ Ke4 57. Kh7 f3 58. h6 Rf4 59. Rxf4+ Kxf4 60. Kg7 f2 61. h7 f1=Q 62. h8=Q Qa1+ 63. Kg8 Qa2+ 64. Kf8 Qa8+ 65. Kg7 Qb7+ 66. Kh6 Qc6+ 67. Kh7 Qe4+ 68. Kg8 Qe6+ 69. Kf8 Qd6+ 70. Kg8 Qd8+ 71. Kh7 Qh4+ 72. Kg7 Qe7+ 73. Kg8 Kf5 74. Qh7+ Qxh7+ 75. Kxh7 1/2-1/2


[Site "https://www.chess.com"]

[Event "Titled Tuesday Blitz October 11 Late 2022"]
[White "Krishnan, Varun"]
[Black "Pham, Le Thao Nguyen"]
[WhiteFideId "5054508"]
[BlackFideId "12401226"]
[WhiteElo "2615"]
[BlackElo "2282"]
[Result "0-1"]
[Round "06"]
[TimeControl "180+1"]
[Date "2022.10.12"]
[WhiteClock "0:00:01"]
[BlackClock "0:00:39"]

1. e4 b6 2. d4 Bb7 3. Bd3 g6 4. h4 h5 5. Nf3 Nc6 6. e5 Bh6 7. c3 d6 8. e6 fxe6 9. Bxg6+ Kd7 10. d5 exd5 11. Qxd5 Kc8 12. Bxh6 Rxh6 13. Qf5+ e6 14. Qf7 Nge7 15. Bxh5 Ba6 16. Bg4 Kb7 17. Nbd2 Qh8 18. Qf4 e5 19. Qa4 Rg8 20. O-O-O b5 21. Qe4 d5 22. Qe3 Rxg4 23. Nb3 d4 24. cxd4 exd4 25. Nc5+ Ka8 26. Qa3 Bc8 27. g3 b4 28. Qd3 Ne5 29. Nxe5 Qxe5 30. Qf3+ Rc6 31. Kb1 Qf5+ 32. Qxf5 Bxf5+ 33. Nd3 Nd5 34. Ka1 Rc2 35. h5 c5 36. h6 c4 37. Ne5 Re4 38. Nf7 c3 39. bxc3 Nxc3 0-1


[Site "https://www.chess.com"]

[Event "Titled Tuesday Blitz October 11 Late 2022"]
[White "Le Goff, Ronan"]
[Black "Averjanov, Alexey"]
[WhiteFideId "612073"]
[BlackFideId "14109867"]
[WhiteElo "2276"]
[BlackElo "2658"]
[Result "1/2-1/2"]
[Round "06"]
[TimeControl "180+1"]
[Date "2022.10.12"]
[WhiteClock "0:01:04"]
[BlackClock "0:00:11"]

1. d4 d5 2. c4 dxc4 3. e3 Nf6 4. Bxc4 e6 5. Nf3 a6 6. O-O b5 7. Bb3 Bb7 8. a4 b4 9. Nbd2 Nbd7 10. a5 c5 11. Nc4 Qc7 12. Bd2 Be7 13. Rc1 O-O 14. Qe2 Rfd8 15. Nfe5 Rac8 16. Nxd7 Nxd7 17. dxc5 Nxc5 18. Nb6 Qc6 19. f3 Rc7 20. Bxb4 Qe8 21. Bc2 Nd7 22. Bxe7 Qxe7 23. Bxh7+ Kxh7 24. Rxc7 Bd5 25. Qd3+ f5 26. Nxd5 exd5 27. Qxf5+ g6 28. Qf4 Qe6 29. Rfc1 Kg8 30. R1c6 Qe8 31. Qd6 Qxe3+ 32. Kf1 Qd3+ 33. Kf2 Qd2+ 34. Kg3 Qg5+ 35. Kh3 Qh5+ 36. Kg3 Qg5+ 37. Kf2 Qd2+ 38. Kf1 Qd1+ 39. Kf2 Qd2+ 1/2-1/2


[Site "https://www.chess.com"]

[Event "Titled Tuesday Blitz October 11 Late 2022"]
[White "Leiva, Gianmarco"]
[Black "Donchenko, Alexander"]
[WhiteFideId "3804399"]
[BlackFideId "24603295"]
[WhiteElo "2285"]
[BlackElo "2572"]
[Result "0-1"]
[Round "06"]
[TimeControl "180+1"]
[Date "2022.10.11"]
[WhiteClock "0:00:19"]
[BlackClock "0:01:16"]

1. e4 c6 2. d4 d5 3. e5 Bf5 4. Nf3 e6 5. Be2 Nd7 6. O-O h6 7. a4 Ne7 8. a5 a6 9. b4 Bh7 10. Bd3 Bxd3 11. Qxd3 Nf5 12. c3 Qc7 13. Re1 g5 14. Na3 g4 15. Nd2 h5 16. Nc2 Bh6 17. Ne3 Bxe3 18. fxe3 h4 19. e4 dxe4 20. Nxe4 O-O-O 21. Bg5 Nxe5 22. Qe2 Ng6 23. Qxg4 Rdg8 24. Qf3 h3 25. g3 Nge7 26. Bf4 Qd8 27. Be5 Rh6 28. Rf1 Ng6 29. Rad1 Qd5 30. Bf4 Nxf4 31. Qxf4 Rh4 32. Rde1 Rxf4 33. Rxf4 Kb8 34. Rf2 Rg6 35. Nd2 Nxg3 36. hxg3 Rxg3+ 37. Kf1 Qh1+ 38. Ke2 Re3+ 39. Kxe3 Qxe1+ 40. Re2 Qxe2+ 41. Kxe2 h2 42. Ne4 h1=Q 43. Nc5 Qh3 44. Kd2 Ka8 45. Nd7 f5 46. Nb6+ Ka7 47. Nc8+ Kb8 48. Nb6 f4 49. Nd7+ Ka7 50. Ne5 Qe3+ 0-1


[Site "https://www.chess.com"]

[Event "Titled Tuesday Blitz October 11 Late 2022"]
[White "Levitskiy, Andrey"]
[Black "Urazayev, Arystanbek"]
[WhiteFideId "14132885"]
[BlackFideId "13709810"]
[WhiteElo "2318"]
[BlackElo "2441"]
[Result "0-1"]
[Round "06"]
[TimeControl "180+1"]
[Date "2022.10.11"]
[WhiteClock "0:00:01"]
[BlackClock "0:00:35"]

1. e4 c5 2. Nf3 d6 3. d4 cxd4 4. Nxd4 Nf6 5. Nc3 a6 6. h3 e6 7. g4 Nc6 8. g5 Nd7 9. h4 Nxd4 10. Qxd4 b5 11. Be3 Bb7 12. O-O-O Rc8 13. f4 Qa5 14. a3 Rxc3 15. Qxc3 Qxc3 16. bxc3 Bxe4 17. Rh2 d5 18. Kb2 Bc5 19. Bd4 Bxd4 20. cxd4 Nb6 21. Bd3 Kd7 22. Re1 Na4+ 23. Kb3 Rc8 24. Bxe4 Rc3+ 25. Ka2 dxe4 26. Rxe4 Rf3 27. Re1 Rxf4 28. Rd2 Rxh4 29. Rf1 Ke7 30. Rdf2 f5 31. gxf6+ gxf6 32. Rxf6 Rxd4 33. Rf7+ Kd6 34. Rxh7 Rd2 35. Kb1 Re2 36. Ra7 Nc5 37. Rd1+ Kc6 38. Rd8 Kb6 39. Re7 Ka5 40. Rd6 Re1+ 41. Ka2 Re2 42. Kb1 Re1+ 43. Ka2 Na4 44. Rc6 e5 45. Ree6 b4 46. Rxa6+ Kb5 47. axb4 Kxb4 48. Ra8 Nc3+ 49. Kb2 Rb1# 0-1


[Site "https://www.chess.com"]

[Event "Titled Tuesday Blitz October 11 Late 2022"]
[White "Machidon, Cristi"]
[Black "Carbone, Diego"]
[WhiteFideId "13904590"]
[BlackFideId "3002179"]
[WhiteElo "2312"]
[BlackElo "2243"]
[Result "1-0"]
[Round "06"]
[TimeControl "180+1"]
[Date "2022.10.12"]
[WhiteClock "0:00:30"]
[BlackClock "0:00:01"]

1. d4 Nf6 2. c4 e6 3. Nf3 d5 4. Nc3 dxc4 5. e4 b5 6. Nxb5 Nxe4 7. Bxc4 Bb4+ 8. Kf1 O-O 9. Bd3 Nf6 10. Bf4 Bd6 11. Bg3 Bb7 12. Rc1 Nc6 13. Ne5 Ne7 14. f3 a6 15. Nxd6 cxd6 16. Nc4 Nc8 17. Qb3 Bd5 18. Qa3 Bxc4 19. Rxc4 d5 20. Rc5 Nd6 21. Kf2 Nc4 22. Qc3 Rc8 23. b3 Rxc5 24. dxc5 Na5 25. Bxa6 Nc6 26. Bb5 Qd7 27. Rc1 Rc8 28. b4 Qb7 29. a4 Na7 30. Bd3 Nc6 31. b5 Ne7 32. c6 Qb6+ 33. Qc5 Qa5 34. b6 Qd2+ 35. Be2 Rxc6 36. b7 1-0


[Site "https://www.chess.com"]

[Event "Titled Tuesday Blitz October 11 Late 2022"]
[White "Mamedov, Rauf"]
[Black "Sanal, Vahap"]
[WhiteFideId "13401653"]
[BlackFideId "6300545"]
[WhiteElo "2650"]
[BlackElo "2574"]
[Result "1-0"]
[Round "06"]
[TimeControl "180+1"]
[Date "2022.10.11"]
[WhiteClock "0:01:41"]
[BlackClock "0:00:02"]

1. e4 d6 2. d4 Nf6 3. Nc3 e5 4. Nf3 Nbd7 5. h3 Be7 6. g4 O-O 7. Rg1 c6 8. h4 b5 9. a3 a5 10. h5 Bb7 11. g5 Nxh5 12. Nxe5 dxe5 13. Qxh5 Re8 14. Rh1 Nf8 15. dxe5 b4 16. Bc4 g6 17. Qf3 Ne6 18. Bxe6 fxe6 19. Qh3 h5 20. Qxe6+ Kg7 21. axb4 axb4 22. Rxa8 Bxa8 23. Ne2 c5 24. Nf4 Bxe4 25. Nxh5+ gxh5 26. Qh6+ Kg8 27. g6 Qd5 28. Qh7+ Kf8 29. Bh6# 1-0


[Site "https://www.chess.com"]

[Event "Titled Tuesday Blitz October 11 Late 2022"]
[White "Martin Carmona, Gaston Manuel"]
[Black "Zhukov, Maksim"]
[WhiteFideId "22284567"]
[BlackFideId "34181790"]
[WhiteElo "2235"]
[BlackElo "1929"]
[Result "0-1"]
[Round "06"]
[TimeControl "180+1"]
[Date "2022.10.12"]
[WhiteClock "0:00:08"]
[BlackClock "0:01:22"]

1. d4 Nf6 2. c4 g6 3. Nc3 Bg7 4. Nf3 O-O 5. g3 d6 6. Bg2 Nc6 7. O-O e5 8. d5 Nb8 9. e4 a5 10. Ne1 Na6 11. Nd3 Nd7 12. f4 exf4 13. Bxf4 Nac5 14. Nxc5 Nxc5 15. Qd2 Nd7 16. Rae1 Ne5 17. Bh6 Bg4 18. b3 Qd7 19. Bxg7 Kxg7 20. Qg5 h6 21. Qf6+ Kg8 22. Nb5 a4 23. Nd4 axb3 24. axb3 Ra2 25. Ra1 Rfa8 26. Rxa2 Rxa2 27. Rf4 Rd2 28. Nb5 h5 29. Bf1 Rb2 30. Nd4 c5 31. dxc6 bxc6 32. Bg2 Rd2 33. Nf3 Bxf3 34. Bxf3 Qa7+ 35. Kh1 Qa1+ 36. Bd1 Rxd1+ 37. Kg2 Qb2+ 38. Kh3 Rd2 39. Qd8+ Kh7 40. Kh4 Rxh2+ 41. Kg5 Nf3+ 42. Rxf3 Qe5+ 43. Rf5 Qxg3+ 44. Kf6 Qh4+ 45. Rg5 Rf2+ 46. Ke7 Qxg5+ 0-1


[Site "https://www.chess.com"]

[Event "Titled Tuesday Blitz October 11 Late 2022"]
[White "Matinian, Nikita"]
[Black "Trent, Lawrence"]
[WhiteFideId "24129100"]
[BlackFideId "408638"]
[WhiteElo "2699"]
[BlackElo "2537"]
[Result "1-0"]
[Round "06"]
[TimeControl "180+1"]
[Date "2022.10.12"]
[WhiteClock "0:01:28"]
[BlackClock "0:01:13"]

1. e4 c5 2. Nf3 d6 3. Bb5+ Nd7 4. d4 cxd4 5. Nxd4 Nf6 6. O-O a6 7. Bd3 g6 8. c4 Bg7 9. Nc3 O-O 10. h3 b6 11. Nc6 Qe8 12. Nd5 Nxd5 13. exd5 Ne5 14. Nxe5 Bxe5 15. Bh6 Bg7 16. Bxg7 Kxg7 17. f4 Ra7 18. f5 Qd8 19. Qd2 b5 20. cxb5 axb5 21. Rae1 Kg8 22. a3 Qb6+ 23. Kh1 Qd4 24. fxg6 hxg6 25. Rf4 Qg7 26. Bxb5 e5 27. dxe6 Bxe6 28. a4 Rc8 29. Qxd6 Qxb2 30. Rxe6 Rc1+ 31. Kh2 fxe6 32. Qf8+ Kh7 33. Rh4# 1-0


[Site "https://www.chess.com"]

[Event "Titled Tuesday Blitz October 11 Late 2022"]
[White "Mekhane, Adam"]
[Black "Tayar, Jonathan"]
[WhiteFideId "36050601"]
[BlackFideId "2606534"]
[WhiteElo "2478"]
[BlackElo "2647"]
[Result "1/2-1/2"]
[Round "06"]
[TimeControl "180+1"]
[Date "2022.10.12"]
[WhiteClock "0:00:34"]
[BlackClock "0:00:20"]

1. e4 c5 2. Nf3 d6 3. Bb5+ Bd7 4. Bxd7+ Qxd7 5. O-O Nc6 6. c3 Nf6 7. Qe2 e6 8. d4 cxd4 9. cxd4 d5 10. e5 Ne4 11. Nbd2 Nxd2 12. Bxd2 Bb4 13. Bf4 O-O 14. h4 Rfc8 15. h5 h6 16. g4 Be7 17. Kh2 Rf8 18. Rae1 f6 19. exf6 Rxf6 20. Bg3 Raf8 21. Ne5 Nxe5 22. Bxe5 Bd6 23. f4 Bxe5 24. fxe5 Rxf1 25. Rxf1 Rxf1 26. Qxf1 Qa4 27. Qc1 Qxd4 28. Qc8+ Kh7 29. Qxe6 Qf2+ 30. Kh3 Qf3+ 31. Kh2 Qf4+ 32. Kh3 Qe3+ 33. Kh2 Qe2+ 34. Kh3 Qd3+ 35. Kh2 Qc2+ 36. Kh3 Qd3+ 37. Kh2 Qe2+ 38. Kh3 Qf1+ 39. Kh2 Qf2+ 40. Kh3 Qf3+ 41. Kh2 Qf4+ 42. Kg2 Qe4+ 43. Kf2 Qf4+ 44. Kg2 Qe4+ 45. Kh3 Qe3+ 46. Kg2 Qe2+ 47. Kg3 Qe3+ 48. Kg2 Qe4+ 1/2-1/2


[Site "https://www.chess.com"]

[Event "Titled Tuesday Blitz October 11 Late 2022"]
[White "Melikhov, Evgeny V."]
[Black "Coelho, Ramyres Santana"]
[WhiteFideId "4122046"]
[BlackFideId "2120690"]
[WhiteElo "2169"]
[BlackElo "1888"]
[Result "1-0"]
[Round "06"]
[TimeControl "180+1"]
[Date "2022.10.12"]
[WhiteClock "0:00:22"]
[BlackClock "0:00:13"]

1. d4 c5 2. d5 e6 3. c4 d6 4. Nc3 Nf6 5. e4 e5 6. g3 g6 7. Bg2 Bg7 8. Nge2 O-O 9. O-O Nfd7 10. f4 f5 11. Be3 a6 12. a3 Nf6 13. fxe5 dxe5 14. Bxc5 Re8 15. exf5 gxf5 16. d6 Nbd7 17. Be3 Nf8 18. c5 e4 19. Nf4 Ne6 20. Ncd5 Nxf4 21. Bxf4 Nxd5 22. Qxd5+ Be6 23. Qd2 Rc8 24. Rac1 Qd7 25. b4 Red8 26. Rfd1 a5 27. Bf1 axb4 28. axb4 b6 29. Bc4 bxc5 30. bxc5 Bxc4 31. Rxc4 Qb5 32. Qd5+ Kh8 33. c6 Qb6+ 34. Kg2 Ra8 35. d7 Ra2+ 36. Rd2 Rxd2+ 37. Qxd2 e3 38. Qxe3 Qb2+ 39. Kh3 Qb1 40. Qe8+ Bf8 41. Qxd8 Qf1+ 42. Kh4 Kg8 43. Qg5+ Kh8 44. Be5+ Bg7 45. Qxg7# 1-0


[Site "https://www.chess.com"]

[Event "Titled Tuesday Blitz October 11 Late 2022"]
[White "Mickiewicz, Piotr"]
[Black "Vujcic, Milena"]
[WhiteFideId "1114891"]
[BlackFideId "954748"]
[WhiteElo "2246"]
[BlackElo "1931"]
[Result "1-0"]
[Round "06"]
[TimeControl "180+1"]
[Date "2022.10.12"]
[WhiteClock "0:01:24"]
[BlackClock "0:00:55"]

1. Nf3 Nf6 2. g3 g6 3. Bg2 Bg7 4. O-O O-O 5. d3 d6 6. c4 c5 7. Nc3 Nc6 8. Rb1 a5 9. a3 e5 10. Bg5 h6 11. Bxf6 Bxf6 12. Nd2 Be6 13. e3 Bg7 14. Nd5 f5 15. b4 axb4 16. axb4 cxb4 17. Nxb4 Qc8 18. Nd5 Ra2 19. Ra1 Rxa1 20. Qxa1 f4 21. Be4 Bf5 22. Qa4 Bxe4 23. Nxe4 fxe3 24. fxe3 Rxf1+ 25. Kxf1 Qh3+ 26. Kg1 Kh7 27. Qb3 h5 28. Qxb7 Nd8 29. Ng5+ 1-0


[Site "https://www.chess.com"]

[Event "Titled Tuesday Blitz October 11 Late 2022"]
[White "Migot, Tangi"]
[Black "Jean Louis, Marckens"]
[WhiteFideId "662445"]
[BlackFideId "11900270"]
[WhiteElo "2494"]
[BlackElo "2030"]
[Result "0-1"]
[Round "06"]
[TimeControl "180+1"]
[Date "2022.10.12"]
[WhiteClock "0:00:21"]
[BlackClock "0:00:34"]

1. e4 e6 2. d4 d5 3. Nc3 Nf6 4. e5 Nfd7 5. f4 c5 6. Nce2 Nc6 7. Nf3 cxd4 8. Nexd4 Nxd4 9. Nxd4 Bc5 10. c3 O-O 11. Bd3 Qb6 12. Nb3 Bf2+ 13. Ke2 Bh4 14. Be3 Qc7 15. Qc2 f5 16. g4 Nb6 17. Nd4 Nc4 18. gxf5 Nxe3 19. Kxe3 exf5 20. Rag1 Kh8 21. Bxf5 Bxf5 22. Nxf5 Qf7 23. Nxh4 Qxf4+ 24. Ke2 Qxh4 25. Kd1 Rf2 26. Qb3 d4 27. Qxb7 Rg8 28. Rg2 dxc3 29. Rxf2 Qxf2 30. bxc3 Rd8+ 31. Kc1 Qd2+ 32. Kb1 Qxc3 33. e6 Qd3+ 34. Ka1 Qd4+ 35. Kb1 Qe5 36. e7 Rb8 37. Qxb8+ Qxb8+ 38. Kc2 Qc7+ 39. Kd2 Qxe7 40. Re1 Qf8 41. Kd3 h6 42. Re2 Qa3+ 0-1


[Site "https://www.chess.com"]

[Event "Titled Tuesday Blitz October 11 Late 2022"]
[White "Naroditsky, Daniel"]
[Black "Skatchkov, Valery"]
[WhiteFideId "2026961"]
[BlackFideId "24195812"]
[WhiteElo "2628"]
[BlackElo "2199"]
[Result "1-0"]
[Round "06"]
[TimeControl "180+1"]
[Date "2022.10.11"]
[WhiteClock "0:00:34"]
[BlackClock "0:00:04"]

1. e4 e5 2. Nf3 d5 3. Nxe5 Bd6 4. d4 dxe4 5. Bc4 Bxe5 6. Qh5 Qe7 7. Qxe5 Qxe5 8. dxe5 Nc6 9. Bf4 Nge7 10. Nc3 Ng6 11. Bg3 Ncxe5 12. Bb3 Bg4 13. h3 Bh5 14. Nxe4 O-O-O 15. O-O f6 16. Rfe1 Rhe8 17. Bh2 Nh4 18. Bg3 Nhf3+ 19. gxf3 Nxf3+ 20. Kf1 Rxe4 21. Rxe4 Nd2+ 22. Kg2 Bf3+ 23. Kg1 Nxb3 24. Re7 Nxa1 25. Rxc7+ Kb8 26. Rd7+ Kc8 27. Rc7+ Kb8 28. Rc3+ Ka8 29. Rxf3 Nxc2 30. Rc3 Nd4 31. Rc7 Nf5 32. Kg2 a6 33. Bf4 Rd3 34. Rc5 Nh4+ 35. Kf1 b6 36. Rc8+ Kb7 37. Rc7+ Ka8 38. Rxg7 Ng6 39. Be3 Rd1+ 40. Ke2 Rb1 41. Bd4 Nf4+ 42. Kf3 Nxh3 43. Bxf6 h5 44. Kg3 Ng1 45. Re7 Ra1 46. a3 Rd1 47. Kg2 Rd6 48. Bg5 Rg6 49. f4 1-0


[Site "https://www.chess.com"]

[Event "Titled Tuesday Blitz October 11 Late 2022"]
[White "Noboa Silva, Kevin"]
[Black "Storey, Charles H"]
[WhiteFideId "3618471"]
[BlackFideId "406686"]
[WhiteElo "2178"]
[BlackElo "2252"]
[Result "1-0"]
[Round "06"]
[TimeControl "180+1"]
[Date "2022.10.12"]
[WhiteClock "0:01:42"]
[BlackClock "0:01:55"]

1. e4 g6 2. d4 Bg7 3. Nf3 c5 4. c3 cxd4 5. cxd4 d5 6. e5 Nc6 7. Bb5 Bg4 8. Bxc6+ bxc6 9. Nbd2 Bxf3 10. Nxf3 e6 11. O-O Ne7 12. Qa4 O-O 13. b3 Nf5 14. Ba3 Re8 15. Rac1 Nh4 16. Nxh4 Qxh4 17. Rxc6 Bh6 18. Bc1 Bf8 19. Be3 h5 20. Rfc1 Qg4 21. Rc7 h4 22. h3 Qe2 23. Bg5 Qe4 24. Qd7 Qf5 25. Bf6 1-0


[Site "https://www.chess.com"]

[Event "Titled Tuesday Blitz October 11 Late 2022"]
[White "Nozdrachev, Leonid"]
[Black "Nasuta, Grzegorz"]
[WhiteFideId "24113433"]
[BlackFideId "1141686"]
[WhiteElo "2541"]
[BlackElo "2706"]
[Result "0-1"]
[Round "06"]
[TimeControl "180+1"]
[Date "2022.10.12"]
[WhiteClock "0:00:09"]
[BlackClock "0:00:17"]

1. d4 d5 2. Bf4 c5 3. e3 Nc6 4. Nf3 Nf6 5. Nc3 cxd4 6. exd4 a6 7. Bd3 Bg4 8. O-O Nxd4 9. Bxa6 Bxf3 10. Qxd4 Rxa6 11. Nb5 Rc6 12. gxf3 e6 13. Qe5 Be7 14. Nc7+ Kf8 15. Nb5 Nd7 16. Qe2 Bf6 17. c3 g6 18. Bh6+ Bg7 19. Bxg7+ Kxg7 20. Nd4 Rc4 21. f4 Qf6 22. Rfe1 Qxf4 23. b3 Rxc3 24. Rad1 Rh3 25. f3 e5 26. Nb5 d4 27. Nd6 Rxf3 28. Rf1 Qg4+ 29. Kh1 Rxf1+ 30. Qxf1 Qe6 31. Ne4 h6 32. Qg2 Rc8 33. Rf1 f5 34. Ng3 Kh7 35. Qxb7 Qc6+ 36. Qxc6 Rxc6 37. a4 d3 38. b4 d2 39. Ne2 e4 40. b5 Rc4 41. a5 Rb4 42. Nc3 e3 43. a6 Rxb5 44. Nxb5 e2 45. Rg1 d1=Q 46. a7 Qxg1+ 47. Kxg1 e1=Q+ 48. Kg2 Qe2+ 49. Kg3 Nb6 50. Nc7 Qd3+ 51. Kg2 Qc2+ 52. Kg1 Qxc7 53. a8=Q Nxa8 54. h4 Qg3+ 55. Kh1 Qxh4+ 56. Kg1 Nc7 57. Kg2 Ne6 58. Kf3 Ng7 59. Kg2 Ne8 60. Kf3 Nf6 61. Kg2 Kg7 62. Kf3 Kf7 63. Kg2 Ke6 64. Kf3 Ke5 65. Kg2 Kf4 0-1


[Site "https://www.chess.com"]